 Dungeon Crawl Stone Soup version 0.17-a0-1625-g47e540b (webtiles) character file.

15610 maniek23 the Jinx (level 12, -4/88 HPs)
             Began as a Vampire Enchanter on Aug 2, 2015.
             Was the Champion of Makhleb.
             Slain by an ogre (11 damage)
             ... on level 3 of the Orcish Mines.
             The game lasted 01:09:34 (12575 turns).

maniek23 the Jinx (Vampire Enchanter)              Turns: 12575, Time: 01:09:34

Health: -4/88      AC:  8    Str:  8 (11) XL:     12   Next: 2%
Magic:  20/32      EV: 17    Int: 15 (17) God:    Makhleb [******]
Gold:   910        SH:  0    Dex: 17 (18) Spells: 7 memorised, 4 levels left

rFire  . . .     SeeInvis +     P - +2 short sword (speed)
rCold  + . .     Clarity  +     W - +2 leather armour {rF+}
rNeg   . . .     SustAt   .     (no shield)
rPois  .         Gourm    .     w - +0 helmet
rElec  .         Spirit   .     E - +1 cloak
rCorr  .         Warding  .     (no gloves)
rMut   .         Stasis   .     (no boots)
MR     +....                    O - amulet of clarity
Stlth  ++++++....               p - ring of magical power
                                k - ring of ice

@: very slightly contaminated, regenerating quickly, invisible, somewhat
resistant to hostile enchantments, very stealthy
A: fangs 3, see invisible, deterioration 1, strong 1, unbreathing
a: Minor Destruction, Lesser Servant of Makhleb, Major Destruction, Greater
Servant of Makhleb, Renounce Religion


You were on level 3 of the Orcish Mines.
You worshipped Makhleb.
Makhleb was exalted by your worship.
You were very full.

You visited 3 branches of the dungeon, and saw 16 of its levels.

You collected 1410 gold pieces.
You spent 500 gold pieces at shops.

Inventory:

Hand weapons
 a - a +2 dagger of venom
 b - a +0 scimitar of slicing
 P - a +2 short sword of speed (weapon)
 T - a +0 dagger of electrocution
 Z - a +0 short sword of distortion
Missiles
 M - 5 tomahawks of dispersal (quivered)
Armour
 w - a +0 helmet (worn)
 E - a +1 cloak (worn)
 W - a +2 leather armour of fire resistance (worn)
Magical staves
 s - an uncursed staff of summoning
Jewellery
 f - an uncursed ring of fire
 k - a ring of ice (left hand)
 p - a ring of magical power (right hand)
 B - the ring of Yzil Mid {Fire Int+4}
   (You found it on level 5 of the Dungeon)

   [ring of fire]

   It enhances your fire magic, and weakens your ice magic.
   It affects your intelligence (+4).
   It protects you from fire.
   It makes you vulnerable to cold.
 J - an uncursed ring of poison resistance
 O - an amulet of clarity (around neck)
 U - a +3 ring of intelligence
 V - an uncursed ring of protection from magic
Magical devices
 i - a wand of fire (2)
 q - a wand of digging (15)
 t - a wand of paralysis (16)
 A - a wand of frost (1)
 Q - a wand of disintegration (19)
 R - a wand of draining (7)
 X - a wand of disintegration (17)
Scrolls
 h - 2 scrolls of magic mapping
 j - 4 scrolls of fog {unknown}
 l - 4 scrolls of teleportation
 m - 4 scrolls of amnesia {unknown}
 o - 4 scrolls of enchant weapon
 r - 3 scrolls of remove curse
 v - a scroll of recharging
 z - 2 scrolls of blinking {unknown}
 D - 3 scrolls of random uselessness {unknown}
 N - a scroll of enchant armour
Potions
 d - 53 potions of blood
 e - 6 potions of curing
 g - 4 potions of haste
 n - 3 potions of magic {unknown}
 u - 2 potions of might
 x - 2 potions of berserk rage
 G - 2 potions of degeneration {unknown}
 H - a potion of flight
 I - 2 potions of lignification {unknown}
 K - 2 potions of poison {unknown}
 L - a potion of brilliance {unknown}
Books
 c - a book of Maledictions

   Spells                             Type                      Level
   a - Corona                         Hexes                        1
   b - Ensorcelled Hibernation        Hexes/Ice                    2
   c - Confuse                        Hexes                        3
   d - Tukima's Dance                 Hexes                        3
   e - Dazzling Spray                 Conjuration/Hexes            3
 y - a Grand Grimoire

   Spells                             Type                      Level
   a - Monstrous Menagerie            Summoning                    6
   b - Summon Greater Demon           Summoning                    7
   c - Malign Gateway                 Summoning/Translocation      7
   d - Summon Horrible Things         Summoning                    8
 C - a book of Party Tricks

   Spells                             Type                      Level
   a - Summon Butterflies             Summoning                    1
   b - Apportation                    Translocation                1
   c - Tukima's Dance                 Hexes                        3
   d - Alistair's Intoxication        Transmutation/Poison         4
   e - Invisibility                   Hexes                        6
 F - a book of Enchantments

   Spells                             Type                      Level
   a - Cause Fear                     Hexes                        4
   b - Silence                        Hexes/Air                    5
   c - Deflect Missiles               Charms/Air                   6
   d - Haste                          Charms                       6
   e - Discord                        Hexes                        8
 Y - a book of Death

   Spells                             Type                      Level
   a - Corpse Rot                     Necromancy                   2
   b - Sublimation of Blood           Necromancy                   2
   c - Agony                          Necromancy                   5
   d - Dispel Undead                  Necromancy                   5
   e - Excruciating Wounds            Charms/Necromancy            5
   f - Bolt of Draining               Conjuration/Necromancy       5
Miscellaneous
 S - a plain deck of summoning


   Skills:
 * Level 6.2 Fighting
 * Level 8.6 Short Blades
 + Level 0.8(4.9) Long Blades
 + Level 2.6 Armour
 + Level 8.0 Dodging
 - Level 11.3 Stealth
 + Level 7.9 Spellcasting
 * Level 13.4 Hexes
 + Level 3.7 Ice Magic
 + Level 0.5 Invocations


You had 4 spell levels left.
You knew the following spells:

 Your Spells              Type           Power        Failure   Level  Hunger
a - Corona                Hex            #####..      1%          1    None
b - Ensorcelled Hibernat  Hex/Ice        #####.       1%          2    None
c - Confuse               Hex            #####...     1%          3    ##.....
d - Tukima's Dance        Hex            #####...     1%          3    ##.....
e - Dazzling Spray        Conj/Hex       ####....     3%          3    ##.....
f - Invisibility          Hex            #####...     14%         6    #######
g - Cause Fear            Hex            #####.....   1%          4    ####...


Dungeon Overview and Level Annotations

Branches:
Dungeon (11/15)            Temple (1/1) D:7            Lair (0/8) D:9
    Orc (4/4) D:11            Elf (0/3) Orc:4

Altars:
Ashenzari
Cheibriados
Dithmenos
Elyvilon
Fedhas
Gozag
Kikubaaqudgha
Makhleb
Nemelex Xobeh
Okawaru
Qazlal
Ru
Sif Muna
Trog
Vehumet
Xom
Yredelemnul
Zin
The Shining One
Beogh

Shops:
D:9 :   Orc:3 [   Orc:4 !

Annotations:
Orc:4 Josephine


Innate Abilities, Weirdness & Mutations

Your natural rate of healing is unusually fast.
You have razor-sharp teeth.
You have supernaturally acute eyesight.
You can survive without breathing.
Your body sometimes deteriorates upon taking damage.
Your muscles are strong. (Str +2)


Message History

Confirm with . or Enter, or press ? or * to list all spells.
Aiming: Tukima's Dance
Press: ? - help, Shift-Dir - straight line, f - ogre, p - ogre
Aim: an ogre, wielding a giant club (hasn't noticed you, chance to defeat MR: 92%)
The giant club dances into the air!
The ogre misses your giant club.
Your giant club hits the ogre!
You are too injured to fight recklessly!
The ogre hits your giant club but does no damage.
Your giant club hits the ogre!
The ogre dies!
Makhleb accepts your kill.
Your giant club hits the troll!
The troll dies!
Makhleb accepts your kill.
The orc hits your giant club with a mace.
You are too injured to fight recklessly!
You are too injured to fight recklessly!
Your giant club closely misses the orc.
The orc barely misses your giant club. The ogre hits you!
You die...

##...##.........[).....##
###.......[)......<>[.....#
#.........[..............##
#.##......##.[...........##
#.#......#.#..............#
......#...........).o....##
..#.###..........†.(....##
..#####..#.......(.......#
..# #..........@O......##
.## ##.#...........#.### ##
####.#.....#...###
###.....#.....##
##....##.....##
###.###......## ###
##.#....# ###...## #....##


You could see an ogre, an orc and 2 friendly dancing weapons.

Vanquished Creatures
  An ogre mage (Orc:4)
  Sonja (Orc:4)
  An unseen horror (D:11)
  A deep troll (Orc:4)
  Pikel (D:7)
  An orc knight (Orc:2)
  3 ugly things (D:11)
  A cyclops (D:9)
  3 trolls
  A two-headed ogre (D:11)
  A trapdoor spider (D:11)
  5 yaks (D:11)
  4 hungry ghosts
  A shadow (D:11)
  2 hippogriffs
  2 soldier ants (D:11)
  2 wargs
  2 wasps (D:11)
  7 orc warriors
  A black bear (D:8)
  4 sky beasts
  A spider (D:11)
  6 ogres
  2 phantoms
  4 centaurs
  An eye of draining (D:11)
  A big kobold (D:9)
  2 crocodiles
  Blork the orc (D:4)
  7 giant frogs
  2 gnoll sergeants
  A wyvern zombie (D:7)
  A scorpion (D:8)
  A troll zombie (D:11)
  A wyvern skeleton (D:7)
  2 wights (D:8)
  9 killer bees
  4 hounds
  3 crimson imps
  3 jellies
  2 centaur zombies
  19 orc wizards
  A quasit (D:8)
  18 orc priests
  2 gnoll shamans (D:7)
  2 centaur skeletons
  2 giant frog skeletons
  3 iguanas
  11 worker ants
  A killer bee zombie (D:6)
  4 ogre zombies (D:11)
  A hound zombie (D:5)
  2 hound skeletons
  A worker ant zombie (D:9)
  9 gnolls
  7 adders
  3 oozes
  2 adder skeletons (D:8)
  3 worms
  3 giant geckos
  111 orcs
  A ball python (D:4)
  3 giant cockroaches
  5 hobgoblins
  14 jackals
  12 kobolds
  7 bats
  A giant gecko zombie (D:5)
  7 giant newts
  9 goblins
  A goblin skeleton (D:11)
  3 goblin zombies (D:11)
  A hobgoblin skeleton (D:11)
  A hobgoblin zombie (D:11)
  An orc skeleton (D:11)
  10 orc zombies (D:11)
  3 quokkas
  2 quokka skeletons
  5 rats
390 creatures vanquished.

Vanquished Creatures (collateral kills)
  An orc high priest (Orc:4)
  2 trolls
  2 two-headed ogres (Orc:4)
  Edmund (D:5)
  6 orc warriors
  4 ogres
  A troll zombie (D:11)
  A wight (D:8)
  6 orc wizards
  5 orc priests
  2 ogre zombies (D:11)
  4 gnolls (D:7)
  49 orcs
  3 hobgoblin zombies (D:11)
  2 orc skeletons (D:11)
  3 orc zombies (D:11)
92 creatures vanquished.

Vanquished Creatures (others)
  A dancing weapon (Orc:4)
  A slave (D:7)
2 creatures vanquished.

Grand Total: 484 creatures vanquished

Notes
Turn   | Place    | Note
--------------------------------------------------------------
     0 | D:1      | maniek23 the Vampire Enchanter began the quest for the Orb.
     0 | D:1      | Reached XP level 1. HP: 13/13 MP: 3/3
   302 | D:1      | Reached XP level 2. HP: 10/19 MP: 5/5
   637 | D:1      | Reached skill level 5 in Stealth
   711 | D:2      | Reached skill level 5 in Hexes
   727 | D:2      | Learned a level 2 spell: Ensorcelled Hibernation
   914 | D:2      | Found a burning altar of Makhleb.
   935 | D:2      | Became a worshipper of Makhleb the Destroyer
  1067 | D:2      | Reached XP level 3. HP: 8/24 MP: 6/6
  1273 | D:2      | Found an iron altar of Okawaru.
  1274 | D:2      | Found a bloodstained altar of Trog.
  1525 | D:3      | Reached XP level 4. HP: 31/31 MP: 7/7
  1541 | D:3      | Reached skill level 6 in Stealth
  1558 | D:3      | Learned a level 3 spell: Confuse
  1665 | D:3      | Found a bloodstained altar of Trog.
  1806 | D:3      | Acquired Makhleb's first power
  1936 | D:3      | Reached XP level 5. HP: 36/36 MP: 8/8
  2318 | D:4      | Noticed Blork the orc
  2330 | D:4      | Killed Blork the orc
  2330 | D:4      | Reached skill level 1 in Fighting
  2330 | D:4      | Reached skill level 7 in Stealth
  2338 | D:4      | Learned a level 3 spell: Tukima's Dance
  2400 | D:4      | Reached skill level 1 in Ice Magic
  2400 | D:4      | Reached XP level 6. HP: 43/43 MP: 9/9
  2771 | D:4      | Found a blossoming altar of Fedhas.
  2776 | D:4      | Found a shimmering altar of Xom.
  2998 | D:5      | Entered Level 5 of the Dungeon
  3017 | D:5      | Reached skill level 8 in Stealth
  3036 | D:5      | Noticed Edmund
  3062 | D:5      | Killed Edmund
  3097 | D:5      | Got a clouded steel ring
  3100 | D:5      | Identified the ring of Yzil Mid {Fire Int+4} (You found it on level 5 of the Dungeon)
  3112 | D:5      | Reached XP level 7. HP: 45/48 MP: 4/11
  3326 | D:5      | Acquired Makhleb's second power
  3397 | D:5      | Found a sacrificial altar of Ru.
  3657 | D:6      | Found a shimmering altar of Xom.
  3694 | D:6      | Reached skill level 9 in Stealth
  3801 | D:6      | Reached XP level 8. HP: 56/56 MP: 13/13
  4108 | D:6      | Gained mutation: Your mind is acute. (Int +2) [potion of mutation]
  4108 | D:6      | Gained mutation: Your muscles are strong. (Str +2) [potion of mutation]
  4108 | D:6      | Lost mutation: Your mind is acute. (Int +2) [potion of mutation]
  4225 | D:6      | Found a radiant altar of Vehumet.
  4430 | D:7      | Found a snail-covered altar of Cheibriados.
  4431 | D:7      | Found a basalt altar of Yredelemnul.
  4438 | D:7      | Reached skill level 10 in Stealth
  4455 | D:7      | Learned a level 3 spell: Dazzling Spray
  4483 | D:7      | Reached skill level 5 in Dodging
  4673 | D:7      | Acquired Makhleb's third power
  4900 | D:7      | Reached XP level 9. HP: 49/64 MP: 7/15
  5031 | D:7      | Noticed Pikel
  5048 | D:7      | Killed Pikel
  5064 | D:7      | Reached skill level 5 in Short Blades
  5401 | D:7      | Found a staircase to the Ecumenical Temple.
  5542 | Temple   | Entered the Ecumenical Temple
  5728 | D:7      | Reached skill level 11 in Stealth
  5728 | D:7      | Reached skill level 5 in Spellcasting
  5784 | D:7      | Acquired Makhleb's fourth power
  6552 | D:8      | Learned a level 6 spell: Invisibility
  6605 | D:9      | Found a stormy altar of Qazlal.
  6648 | D:9      | Reached XP level 10. HP: 73/73 MP: 18/18
  6749 | D:9      | Found a sacrificial altar of Ru.
  6767 | D:9      | Acquired Makhleb's fifth power
  6929 | D:9      | Found a staircase to the Lair.
  6958 | D:9      | Found Gofuiris's Book Boutique.
  7036 | D:9      | Found an ancient bone altar of Kikubaaqudgha.
  7134 | D:9      | Noticed a cyclops
  7153 | D:9      | Killed a cyclops
  7153 | D:9      | Reached skill level 1 in Armour
  7334 | D:10     | Entered Level 10 of the Dungeon
  7844 | D:10     | Reached skill level 10 in Hexes
  8240 | D:11     | Reached skill level 5 in Fighting
  8324 | D:11     | Paralysed by a wasp for 1 turns
  8325 | D:11     | HP: 2/74 [poisoned by a killer bee]
  8553 | D:11     | Noticed a cyan ugly thing
  8565 | D:11     | Killed a cyan ugly thing
  8603 | D:11     | Noticed a brown ugly thing
  8608 | D:11     | Killed a brown ugly thing
  8608 | D:11     | Reached XP level 11. HP: 71/80 MP: 20/20
  8812 | D:11     | Noticed an unseen horror
  8821 | D:11     | Killed an unseen horror
  8940 | D:11     | Found a staircase to the Orcish Mines.
  8943 | D:11     | Noticed a white ugly thing
  9036 | D:11     | Gained mutation: Your body sometimes deteriorates upon taking damage. [mutagenic glow]
  9179 | D:11     | Killed a green ugly thing
  9426 | D:9      | Bought a book of Enchantments for 500 gold pieces
  9431 | D:9      | Learned a level 4 spell: Cause Fear
  9603 | D:11     | Reached skill level 12 in Hexes
  9826 | Orc:1    | Entered Level 1 of the Orcish Mines
  9836 | Orc:1    | Found a roughly hewn altar of Beogh.
 10627 | Orc:3    | Found Tibriets's Armour Shop.
 11265 | Orc:2    | Found a roughly hewn altar of Beogh.
 11797 | Orc:4    | Entered Level 4 of the Orcish Mines
 11820 | Orc:4    | Found a staircase to the Elven Halls.
 11895 | Orc:4    | Noticed Sonja
 11896 | Orc:4    | Noticed Josephine
 11934 | Orc:4    | Noticed an orc high priest
 11941 | Orc:4    | Killed an orc high priest
 11973 | Orc:4    | Killed Sonja
 11973 | Orc:4    | Reached skill level 13 in Hexes
 12022 | Orc:4    | Found Pamoliosh's Distillery.
 12025 | Orc:4    | Noticed an ogre mage
 12025 | Orc:4    | Noticed a deep troll
 12050 | Orc:4    | Killed a deep troll
 12063 | Orc:4    | Killed an ogre mage
 12064 | Orc:4    | Noticed an ogre mage
 12409 | Orc:4    | Noticed a hill giant
 12417 | Orc:3    | Reached XP level 12. HP: 44/88 MP: 22/23
 12575 | Orc:3    | Slain by an ogre

Vault maps used:
D:1:      dpeg_arrival_stonehenge_8_columns
D:2:      gammafunk_temple_overflow_statue, lemuel_doored_altar,
          small_statue_intersection
D:3:      bloody_trog
D:4:      overflow_temple_1_default, overflow_temple_1_default,
          corexii_checkpoint_a, uniq_blork_the_orc
D:5:      first_bread, nicolae_ru_great_annihilating_truth, uniq_edmund
D:6:      old_standard_altar, basic_altar
D:7:      grunt_temple_overflow_open, temple_green, grunt_ministairs_13,
          uniq_pikel
D:9:      kiku_gazebo_garden_becter, old_standard_altar, lemuel_crystal_altar,
          serial_shops, nicolae_shop_statue_plus
D:11:     zombieorc2_lemuel, hangedman_pestilent_swarm
Temple:   nicolae_temple_figure_zero
Orc:1:    basic_altar
Orc:2:    basic_altar
Orc:3:    serial_shops, nicolae_shop_stone, nicolae_orc_pool_cavern
Orc:4:    st_orc_open, serial_shops, bzr_entry_road, uniq_sonja, uniq_josephine

Action                   |  1- 3 |  4- 6 |  7- 9 | 10-12 || total
-------------------------+-------+-------+-------+-------++-------
Melee: Dagger            |    81 |   112 |   300 |   547 ||  1040
       Scimitar          |       |       |    36 |    30 ||    66
       Short sword       |       |       |       |   102 ||   102
 Cast: Corona            |     2 |       |       |       ||     2
       Ensorcelled Hiber |     2 |    16 |    47 |    33 ||    98
       Tukima's Dance    |       |     2 |    20 |    45 ||    67
       Confuse           |       |     1 |    25 |    32 ||    58
       Dazzling Spray    |       |       |     5 |     2 ||     7
       Invisibility      |       |       |       |    12 ||    12
       Cause Fear        |       |       |       |     2 ||     2
Invok: Lesser Servant of |       |       |       |     6 ||     6
  Use: Scroll            |       |       |     9 |     5 ||    14
       Potion            |       |       |     1 |     3 ||     4
 Stab: Sleeping          |    13 |    19 |    47 |    67 ||   146
       Confused          |       |       |    16 |    15 ||    31
       Invisible         |       |       |     1 |    42 ||    43
       Distracted        |       |       |       |     1 ||     1
  Eat: Corpse            |     9 |    11 |    16 |    35 ||    71
